AoeStats
← Kirk Van Houten's Horny Ghost

Pilgrims

509190511Analyzed
4v4 RM · 5d ago on Sep 25, 2026· 70m 7s· 8 players
Game mode
Random Map
Map size
Large (8 player)
Population
200
Speed
Normal
Resources
Standard
Victory
Conquest
Starting age
Dark Age
Ending age
Imperial Age
RankedLock teamsTeams togetherTeam positionsShared explorationLock speedFull tech treeHidden civsTurbo modeCheats
Victory
Defeat
🇵🇪 Aztecs · Peru
1169
+13
🇺🇸 Malians · United States
1163
+14
🇨🇱 Sicilians · Chile
1121
+15
🇺🇸 Varangians · United States
1118
+15
🇮🇪 Franks · Ireland
1200
-17
1122
-15
1064
-13
1044
-12
TheroZeuS Biri Biri
6:18 Loom
12:02 Feudal Age
12:31 Town Watch
15:35 Wheelbarrow
19:29 Forging
25:39 Double-Bit Axe
36:06 Castle Age
34:11 Horse Collar
34:56 Arson
38:01 Squires
37:47 Gambesons
37:22 Pikeman
41:13 Scale Mail Armor
44:08 Iron Casting
44:56 Heavy Plow
48:35 Chain Mail Armor
48:41 Gold Mining
49:21 Bow Saw
56:18 Imperial Age
55:09 Hand Cart
58:42 Plate Mail Armor
59:12 Blast Furnace
58:17 Elite Serjeant
marshall_o18
4:11 Loom
12:54 Feudal Age
13:36 Man-at-Arms
21:40 Castle Age
20:22 Scale Mail Armor
22:24 Pikeman
22:25 Long Swordsman
24:25 Squires
41:48 Imperial Age
40:47 Double-Bit Axe
42:05 Two-Handed Swordsman
44:35 Gambesons
44:36 Arson
48:15 Capped Ram
50:39 Town Watch
54:44 Town Patrol
59:02 Champion
67:39 Elite Jaguar Warrior
Zizzle4879
5:02 Loom
14:21 Feudal Age
16:21 Stone Mining
16:29 Double-Bit Axe
19:24 Castle Age
18:34 Horse Collar
19:11 Forging
26:01 Murder Holes
28:22 Ballistics
30:43 Town Watch
33:58 Imperial Age
33:20 Gold Mining
33:40 Scale Barding Armor
34:13 Iron Casting
34:10 Scale Mail Armor
35:11 Heavy Camel Rider
35:54 Husbandry
36:30 Farimba
38:54 Chain Barding Armor
39:33 Conscription
39:28 Bloodlines
40:00 Iron Casting
40:19 Wheelbarrow
41:32 Plate Barding Armor
53:26 Gold Shaft Mining
66:45 Chain Mail Armor
66:07 Man-at-Arms
66:47 Squires
66:33 Arson
67:04 Long Swordsman
68:24 Caravan
68:10 Two-Handed Swordsman
68:36 Arson
69:24 Plate Mail Armor
69:14 Champion
nsimeone11
7:15 Loom
10:02 Feudal Age
12:04 Bloodlines
12:51 Wheelbarrow
12:36 Double-Bit Axe
17:51 Fletching
22:47 Castle Age
25:59 Hand Cart
26:23 Padded Archer Armor
27:54 Town Watch
28:40 Bodkin Arrow
29:01 Leather Archer Armor
29:26 Husbandry
32:19 Gold Mining
32:19 Stone Mining
34:53 Bow Saw
36:44 Ballistics
39:49 Forging
39:44 Scale Barding Armor
42:19 Imperial Age
41:15 Iron Casting
42:27 Chain Barding Armor
44:13 Cavalier
44:57 Vendel Legacy
48:14 Two-Man Saw
48:41 Light Cavalry
49:33 Town Patrol
61:12 Bracer
62:13 Blast Furnace
61:48 Plate Barding Armor
67:51 Caravan
Kirk Van Houten's Horny Ghost
8:21 Loom
10:06 Feudal Age
15:31 Double-Bit Axe
16:31 Horse Collar
20:12 Castle Age
18:49 Padded Archer Armor
18:39 Fletching
19:57 Town Watch
20:19 Crossbowman
21:02 Bodkin Arrow
21:23 Leather Archer Armor
21:09 Gold Mining
23:46 Thumb Ring
30:19 Gold Shaft Mining
29:35 Stone Mining
33:32 Bow Saw
42:00 Scale Mail Armor
42:11 Forging
45:38 Imperial Age
43:45 Wheelbarrow
45:27 Chain Mail Armor
45:47 Iron Casting
46:29 Bracer
47:00 Ring Archer Armor
47:14 Conscription
47:06 Arbalester
57:51 Ballistics
58:31 Chemistry
57:39 Siege Engineers
57:45 Masonry
68:30 Hand Cart
[POO ALLIANCE] Lord of the Dung
7:29 Loom
12:03 Feudal Age
19:51 Castle Age
19:22 Forging
19:18 Scale Barding Armor
19:26 Bloodlines
20:54 Gold Mining
32:11 Imperial Age
30:42 Fletching
31:35 Iron Casting
31:21 Chain Barding Armor
34:31 Blast Furnace
34:07 Plate Barding Armor
33:37 Bodkin Arrow
36:59 Town Watch
37:50 Wheelbarrow
37:57 Husbandry
39:10 Stirrups
47:07 Cavalier
50:06 Hand Cart
49:56 Town Patrol
54:40 Hand Cart
54:19 Double-Bit Axe
56:41 Bow Saw
57:15 Plate Barding Armor
56:41 Bracer
Cornflakes
6:17 Loom
12:02 Feudal Age
12:13 Man-at-Arms
15:02 Scale Mail Armor
16:34 Forging
22:33 Castle Age
26:53 Wheelbarrow
26:03 Town Watch
26:49 Scale Barding Armor
30:35 Fletching
30:46 Padded Archer Armor
34:33 Chain Barding Armor
34:48 Iron Casting
35:50 Hand Cart
40:28 Imperial Age
39:59 Ballistics
40:46 Masonry
40:25 Double-Bit Axe
41:06 Husbandry
41:26 Heavy Scorpion
41:28 Cavalier
45:38 Town Watch
49:14 Blast Furnace
48:49 Plate Barding Armor
49:01 Town Patrol
51:23 Light Cavalry
54:17 Chain Mail Armor
54:05 Pikeman
55:14 Squires
54:46 Halberdier
55:59 Plate Mail Armor
[POO ALLIANCE] GroomOfTheStool
6:23 Loom
12:23 Feudal Age
15:01 Wheelbarrow
17:17 Gold Mining
19:06 Fletching
24:19 Castle Age
22:58 Scale Mail Armor
24:37 Double-Bit Axe
25:46 Bodkin Arrow
28:11 Bow Saw
27:57 Fishing Lines
29:58 Gillnets
31:21 Ballistics
33:53 Padded Archer Armor
34:03 Thumb Ring
38:08 Imperial Age
38:57 Cranequins
40:04 Leather Archer Armor
40:35 Elite Skirmisher
42:48 Chemistry
44:57 Bloodlines
44:49 Husbandry
45:54 Conscription
46:21 Capped Ram
55:28 Masonry
55:24 Siege Engineers
55:18 Murder Holes
55:29 Bracer
55:45 Chain Mail Armor
55:42 Forging
56:04 Ring Archer Armor
55:39 Pikeman
56:19 Squires
56:05 Gambesons
62:30 Halberdier
Connection lost

Rejoining the realm…

Still unreachable

The connection could not be restored.

Session expired

The server has moved on; the page needs a fresh start.